 Dungeon Crawl Stone Soup version 0.28.0 (webtiles) character file.

Game seed: 14810360738101068889

11 shoop the Grasshopper (level 2, 28/28 HPs)
             Began as an Ogre Wanderer on Feb 15, 2022.
             Was a Follower of Makhleb.
             Quit the game on level 1 of the Dungeon.
             The game lasted 00:01:50 (1068 turns).

shoop the Grasshopper (Ogre Wanderer)               Turns: 1068, Time: 00:01:51

Health: 28/28      AC:  4    Str: 12    XL:     2   Next: 29%
Magic:  3/3        EV:  9    Int: 15    God:    Makhleb [*.....]
Gold:   13         SH:  0    Dex:  9    Spells: 3/3 levels left

rFire   . . .      SeeInvis .   f - +4 whip
rCold   . . .      Faith    .   (no shield)
rNeg    . . .      Spirit   .   b - +0 robe
rPois   .          Reflect  .   (helmet restricted)
rElec   .          Harm     .   c - +0 cloak
rCorr   .          Rampage  .   (gloves unavailable)
Will    .....                   (boots unavailable)
Stlth   +.........              (no amulet)
HPRegen 0.09/turn               (no ring)
MPRegen 0.08/turn               (no ring)

@: no status effects
A: large, unfitting armour, tough skin 1
a: Renounce Religion


You were on level 1 of the Dungeon.
You worshipped Makhleb.
Makhleb was aware of your devotion.
You visited 1 branch of the dungeon, and saw 1 of its levels.

You collected 13 gold pieces.

Inventory:

Hand Weapons
 a - a +0 club
 d - a +0 quarterstaff
 f - a +4 whip (weapon)
Missiles
 h - 2 poisoned darts (quivered)
Armour
 b - a +0 robe (worn)
 c - a +0 cloak (worn)
Scrolls
 g - a scroll of enchant weapon {unknown}
 j - a scroll of teleportation {unknown}
 k - a scroll of vulnerability {unknown}
 l - a scroll of enchant armour {unknown}
 m - a scroll of immolation {unknown}
Potions
 e - a potion of heal wounds {unknown}
 i - a potion of brilliance {unknown}


   Skills:
 + Level 1.7 Fighting
 + Level 0.7 Maces & Flails
 - Level 1.0 Dodging
 - Level 1.0 Stealth
 - Level 1.2 Spellcasting
 - Level 3.6 Translocations
 - Level 1.8 Ice Magic
 - Level 1.0 Invocations


You had 3 spell levels left.
You didn't know any spells.
Your spell library contained the following spells:

 Spells                   Type           Power      Damage    Failure   Level
 Apportation              Tloc           22%        N/A       5%          1
 Blink                    Tloc           22%        N/A       9%          2
 Freeze                   Ice            24%        1d5       12%         1
 Lesser Beckoning         Tloc           11%        N/A       16%         3
 Frozen Ramparts          Ice            12%        1d3       34%         3


Dungeon Overview and Level Annotations

Branches:
Dungeon (1/15)

Altars:
Makhleb


Innate Abilities, Weirdness & Mutations

You are too large for most types of armour.
You have tough skin. (AC +1)


Message History

As you open the door, it creaks loudly!
Search for what [? for help]? alt
There is an open door here.
The rat bites you but does no damage.
You hit the rat but do no damage. The rat bites you.
You hit the rat.
You kill the rat!
No target in view!
No target in view!
(D) Dungeon
Where to? (Enter - D:1 @ (x,y), ? - help)
You open the door.
There is an open door here.
There is an open door here.
There is an open door here.
There is a faded altar of an unknown god here.
You whack the withered plant!
The withered plant begins to crumble.
The withered plant is lightly damaged.
You whack the withered plant!
The withered plant is lightly damaged.
You whack the withered plant!
The withered plant is lightly damaged.
You whack the withered plant!
The withered plant is lightly damaged.
The withered plant crumbles away.
You whack the plant!
The plant begins to die.
The plant is lightly damaged.
A nearby plant withers and dies.
There is a faded altar of an unknown god here.
You cannot tell which god this altar belongs to.
Convert to them anyway?
Makhleb accepts your prayer! Makhleb welcomes you!
You can now gain health from killing.
There is an open door here.
There is an open door here.
You open the door.
There is an open door here.
There is an open door here.
As you open the door, it creaks loudly!
Are you sure you want to abandon this character and quit the game? (Confirm with "yes".)

#....#...#.....###
#...##.#.#####.###
#..'#..#.....#..##
#..#..######.##...
#.#####...##.#..##
#.#...#.#.##'#'##
#.#.#.#.#.##...###
#.'.#.#.#..'.<.'..
#@###.#.####...##.
#.##....# ##'#'##.
#.##.######..#.##.
#..#.#......##.###
#..'##.####..#....
#...##.#####.#.###
#....#...###.#...#
#....###..##.###.#
#......##.##..##..


There were no monsters in sight!

Vanquished Creatures
  A dart slug (D:1)
  An endoplasm (D:1)
  2 hobgoblins (D:1)
  A quokka (D:1)
  A bat (D:1)
  A frilled lizard (D:1)
  2 kobolds (D:1)
  A rat (D:1)
10 creatures vanquished.

Vanquished Creatures (others)
  4 plants (D:1)
  4 withered plants (D:1)
8 creatures vanquished.

Grand Total: 18 creatures vanquished

Notes
Turn   | Place    | Note
-------+----------+-------------------------------------------
     0 | D:1      | shoop the Ogre Wanderer began the quest for the Orb.
     0 | D:1      | shoop set off with the following items: a +0 club, a +0
                  | robe, a +0 cloak; and the following spells available to
                  | memorise: Apportation, Blink, Freeze, Lesser Beckoning,
                  | Frozen Ramparts
     0 | D:1      | Reached XP level 1. HP: 16/16 MP: 2/2
   302 | D:1      | Reached skill level 1 in Fighting
   610 | D:1      | Reached XP level 2. HP: 23/27 MP: 3/3
   824 | D:1      | Found a faded altar of an unknown god.
   967 | D:1      | Prayed at the altar of an unknown god.
   967 | D:1      | Became a worshipper of Makhleb the Destroyer
   967 | D:1      | Reached * piety under Makhleb
  1068 | D:1      | Quit the game

Illustrated notes

Levels and vault maps discovered:
D:1:      nicolae_arrival_somewhat_less_tricky_arrival, layout_basic,
          shapermc_ecumenical_altar_flowoftime, serial_park_tiny_1

Skill      XL: |  1 |
---------------+----+-----
Fighting       | 1 |  1.7
Maces & Flails | |  0.7
Dodging        | |  1.0
Stealth        | |  1.0
Spellcasting   | |  1.2
Translocations | |  3.6
Ice Magic      | |  1.8
Invocations    | |  1.0

Action                   || total
-------------------------++-------
Melee: Whip              ||    27
       Quarterstaff      ||     9
       Club              ||     2
 Stab: Sleeping          ||     2
Armor: Robe              ||    14
Dodge: Dodged            ||    10
